 Dungeon Crawl Stone Soup version 0.31.0-11-ge490571c62 (webtiles) character file.

Game seed: 17400560728493174169

133640 BubbleThief the Warrior (level 17, -4/170 HPs)
             Began as a Naga Alchemist on Jan 28, 2024.
             Was the Champion of Elyvilon.
             Slain by a wolf spider (6 damage)
             ... summoned by a broodmother
             ... on level 2 of the Spider Nest.
             The game lasted 01:16:16 (30574 turns).

BubbleThief the Warrior (Naga Alchemist)           Turns: 30574, Time: 01:16:16

Health: -4/170     AC: 12    Str: 21    XL:     17   Next: 15%
Magic:  20/33      EV:  9    Int: 24    God:    Elyvilon [******]
Gold:   4118       SH:  0    Dex: 19    Spells: 28/40 levels left

rFire   + + .        I - +7 long sword of Bloodstone {protect, SInv Stlth+}
rCold   + + .        y - +0 kite shield
rNeg    . . .        N - +1 leather armour {rC+ rF+}
rPois   +            M - +2 helmet {SInv}
rElec   .            b - scarf {rC+ rF+}
rCorr   +            E - +0 pair of gloves {Str+3}
SInv    +            (no barding)
Will    +++..        h - amulet of magic regeneration
Stlth   ++           G - +6 ring of intelligence
HPRegen 0.48/turn    L - ring of Pisint {^Drain Will+ rCorr Str+6 Int+3}
MPRegen 0.63/turn

%: no passive effects
@: confused, very slow
A: AC +5, large, see invisible, deformed body, poison resistance, slowness 2,
spit poison 1, naga tail 2
a: Spit Poison, Renounce Religion, Purification, Heal Other, Heal Self, Divine
Vigour


You were on level 2 of the Spider Nest.
You worshipped Elyvilon.
Elyvilon was exalted by your worship.
You visited 5 branches of the dungeon, and saw 25 of its levels.
You also visited: Bailey, Gauntlet and Ice Cave.

You collected 5609 gold pieces.
You spent 1491 gold pieces at shops.

Inventory:

Hand Weapons
 n - a +2 scimitar of flaming
 I - the +7 long sword of Bloodstone (weapon) {protect, SInv Stlth+}
   (You found it on level 1 of the Lair of Beasts)

   SInv:      It lets you see invisible.
   Stlth+:    It makes you more stealthy.
Missiles
 o - 3 throwing nets
Armour
 b - a scarf of resistance (worn)
 y - a +0 kite shield (worn)
 E - a +0 pair of gloves of strength (worn)
 M - a +2 helmet of see invisible (worn)
 N - a +1 leather armour of resistance (worn)
Jewellery
 e - a +5 ring of evasion
 g - a ring of wizardry
 h - an amulet of magic regeneration (around neck)
 G - a +6 ring of intelligence (left hand)
 L - the ring of Pisint (right hand) {^Drain Will+ rCorr Str+6 Int+3}
   (You found it in a Gauntlet)

   [ring of strength]

   Str+6:     It affects your strength (+6).
   Int+3:     It affects your intelligence (+3).
   Will+:     It increases your willpower.
   rCorr:     It protects you from acid and corrosion.
   ^Drain:    It drains your maximum health when unequipped.
 R - a ring of protection from cold
Wands
 m - a wand of flame (44)
 A - a wand of charming (16)
 H - a wand of iceblast (22)
 O - a wand of polymorph (17)
 P - a wand of mindburst (11)
 S - a wand of light (5)
Scrolls
 a - 4 scrolls of enchant weapon
 f - 4 scrolls of amnesia
 j - 11 scrolls of teleportation
 k - a scroll of silence
 q - 3 scrolls of identify
 z - 2 scrolls of fog
 C - 2 scrolls of revelation
 F - 5 scrolls of vulnerability
 T - 2 scrolls of enchant armour
 U - a scroll of immolation
 W - 3 scrolls of poison
 X - a scroll of brand weapon
Potions
 c - 4 potions of resistance
 d - 7 potions of curing
 i - 9 potions of mutation
 l - 2 potions of attraction
 r - 3 potions of might
 s - 3 potions of enlightenment
 u - a potion of berserk rage
 w - 2 potions of haste
 x - 3 potions of lignification
 B - a potion of invisibility
 J - 5 potions of brilliance
Miscellaneous
 D - a box of beasts (inert)
 Q - a phantom mirror (inert)
 Y - a phial of floods (inert)


   Skills:
 + Level 15.2 Fighting
 + Level 14.2 Long Blades
 - Level 1.5 Dodging
 - Level 3.0 Stealth
 - Level 15.0 Shields
 + Level 12.3 Spellcasting
 - Level 1.0 Conjurations
 - Level 6.0 Fire Magic
 - Level 9.1 Alchemy


You had 28 spell levels left.
You knew the following spells:

 Your Spells              Type           Power      Damage    Failure   Level
a - Sting                 Conj/Alch      100%       1d9       1%          1
b - Mephitic Cloud        Conj/Alch/Air  31%        N/A       5%          3
c - Olgreb's Toxic Radia  Alch           56%        N/A       1%          4
d - Sticky Flame          Fire/Alch      50%        2d9       3%          4

Your spell library contained the following spells:

 Spells                   Type           Power      Damage    Failure   Level
 Mercury Vapours          Alch/Air       72%        N/A       1%          2
 Magic Dart               Conj           76%        1d6       4%          1
 Kiss of Death            Conj/Necr      68%        2d10      6%          1
 Necrotise                Necr           56%        1d6       8%          1
 Sandblast                Erth           28%        2d8       8%          1
 Searing Ray              Conj           38%        2d5       8%          2
 Fulminant Prism          Conj/Alch      19%        3d10      10%         4
 Call Imp                 Summ           28%        N/A       12%         2
 Sublimation of Blood     Necr           14%        N/A       12%         2
 Leda's Liquefaction      Alch/Erth      18%        N/A       12%         4
 Confusing Touch          Hex            14%        N/A       22%         3
 Vampiric Draining        Necr           14%        2d7       22%         3
 Fireball                 Conj/Fire      15%        3d8       43%         5
 Cause Fear               Hex            7%         N/A       58%         4
 Dispel Undead            Necr           14%        3d10      58%         4
 Martyr's Knell           Necr/Summ      14%        N/A       58%         4
 Arcjolt                  Conj/Air       8%         1d18      86%         5
 Freezing Cloud           Conj/Ice/Air   8%         6-21      88%         5
 Curse of Agony           Necr           14%        N/A       91%         5
 Haunt                    Necr/Summ      7%         N/A       100%        7
 Summon Hydra             Summ           7%         N/A       100%        7
 Dragon's Call            Summ           7%         N/A       100%        9


Dungeon Overview and Level Annotations

Branches:
Dungeon (15/15)            Temple (1/1) D:6            Lair (5/5) D:9
  Swamp (0/4) Lair:2       Spider (2/4) Lair:3        Slime (0/5) Lair:5
    Orc (2/2) D:11            Elf (0/3) Orc:2        Vaults (0/5) D:14
 Depths (0/4) D:15         Bailey (visited)           IceCv (visited)
Gauntlet (visited)

Altars:
Ashenzari
Cheibriados
Dithmenos
Elyvilon
Fedhas
Gozag
Hepliaklqana
Kikubaaqudgha
Makhleb
Nemelex Xobeh
Okawaru
Qazlal
Ru
Sif Muna
Trog
Uskayaw
Vehumet
Wu Jian
Xom
Yredelemnul
Zin
The Shining One
Jiyva

Shops:
D:14 ?   Orc:2 *[*

Annotations:
D:8 2 runed translucent doors, sasquatch's ghost, novice TeAE
Lair:5 exclusion: 3 oklob plants


Innate Abilities, Weirdness & Mutations

Your serpentine skin is tough. (AC +5)
You have supernaturally acute eyesight. (SInv)
Armour fits poorly on your strangely shaped body.
Your system is resistant to poisons. (rPois)
You cover ground very slowly.
You can spit poison.
You can use your snake-like lower body to constrict enemies.


Message History

The wolf spider bites you.
* * * LOW HITPOINT WARNING * * *
The tarantella misses you.
Unknown command.
Unknown command.
Unknown command.
You are healed.
You block the jumping spider's attack. x2
The wolf spider hits you!
* * * LOW HITPOINT WARNING * * *
The wolf spider bites you.
* * * LOW HITPOINT WARNING * * *
The broodmother summons a spider!
The tarantella barely misses you.
The jumping spider leaps!
Unknown command.
Unknown command.
Unknown command.
Casting: Olgreb's Toxic Radiance (mildly dangerous; 1% risk of failure)
Confirm with . or Enter, or press ? or * to list all spells.
Aiming: Sticky Flame (mildly dangerous; 3% risk of failure)
Press: ? - help, Shift-Dir - straight line, f/p - broodmother
Aim: a broodmother (severely wounded, very poisoned)
The sticky flame hits the broodmother!
The broodmother is severely wounded.
The broodmother burns!
The tarantella touches you!
* * * LOW HITPOINT WARNING * * *
You are afflicted by dizzying energies!
You are confused.
The wolf spider hits you but does no damage.
The wolf spider bites you.
* * * LOW HITPOINT WARNING * * *
The broodmother bites you!
* * * LOW HITPOINT WARNING * * *
The tarantella touches you. Elyvilon protects you from harm!
You are afflicted by dizzying energies!
You are more confused.
The tarantella touches you but does no damage.
The wolf spider hits you but does no damage.
The wolf spider bites you.
You die...

.. #.##.....#.##.....#
##.##.^..##.##^........
.#........##............
.................†.....#
#...........^.........#
#............^....†..#
#.....................
.##^..s.○..........†....
.......@s.^.............
....^.ss................
........!.....#.........
..°....w......#....†<...
.^...........##.........
..○☼.......s.###..######
..............#####
.........^....#


You could see a broodmother (burning, very poisoned), a steelbarb worm, a wolf
spider (summoned, poisoned), a jumping spider (summoned) and 2 tarantellas.

Vanquished Creatures
  Rupert (D:15)
  Gastronok (Lair:3)
  Kirke (D:12)
  An emperor scorpion (Spider:1)
  A ghost moth (Spider:1)
  A broodmother (Spider:1)
  A minotaur (Gauntlet)
  Snorg (D:12)
  An ice dragon (IceCv)
  A hell beast (Gauntlet)
  2 vault guards (D:14)
  3 catoblepae (Lair:5)
  An entropy weaver (shapeshifter) (D:15)
  2 radroaches
  2 ogre magi (D:14)
  Erolcha (Orc:2)
  8 hydras
  7 boulder beetles
  5 centaur warriors
  5 two-headed ogres
  An orc high priest (Orc:2)
  3 demonic crawlers
  A tengu warrior (D:14)
  9 death yaks
  2 skysharks
  Sonja (Lair:2)
  A deep elf knight (D:14)
  A fire crab (Gauntlet)
  2 pharaoh ants (Spider:1)
  An orb spider (Spider:1)
  2 spriggan druids (Lair:2)
  A sun moth (Spider:1)
  7 orc knights
  3 steelbarb worms (Spider:1)
  4 deep elf pyromancers
  6 manticores
  An oklob plant (Lair:4)
  10 wolf spiders
  7 ugly things
  An orc sorcerer (Orc:2)
  9 cyclopes
  6 kobold blastminers
  A salamander (D:15)
  A salamander (shapeshifter) (D:14)
  25 elephants
  8 black mambas
  A moth of wrath (Spider:1)
  2 ice statues (IceCv)
  4 gargoyles
  Maggie (D:6)
  An unseen horror (D:12)
  9 cane toads
  6 rime drakes
  6 yaktaurs
  A freezing wraith (D:14)
  2 efreet (D:9)
  A kobold demonologist (D:12)
  A rime drake (shapeshifter) (D:15)
  Psyche (D:8)
  9 komodo dragons
  3 polar bears
  15 tarantellas
  7 trolls
  5 hornets
  20 blink frogs
  12 dream sheep (Lair:5)
  2 culicivoras (Spider:1)
  12 jumping spiders (Spider:1)
  2 shadows
  A human (D:14)
  73 yaks
  3 fire bats (Gauntlet)
  Eustachio (D:4)
  3 water elementals (D:15)
  2 wraiths
  6 wyverns
  A basilisk (D:9)
  3 hogs (D:12)
  4 vampire mosquitoes (D:10)
  2 wargs
  22 redbacks
  5 steam dragons
  Menkaure (D:7)
  4 hell hounds (Gauntlet)
  An acid dragon (shapeshifter) (D:15)
  Duvessa (D:5)
  17 water moccasins
  A black bear (D:9)
  33 orc warriors
  An ice beast (D:5)
  5 ogres
  15 wolves
  11 centaurs
  3 boggarts (D:15)
  A phantom (D:7)
  9 kobold brigands
  15 bullfrogs
  2 gnoll sergeants
  8 wights
  Dowan (D:5)
  7 killer bees
  2 lindwurm simulacra (IceCv)
  4 mutant beasts (D:8)
  3 electric eels
  A bombardier beetle (D:7)
  3 hounds
  4 komodo dragon simulacra (IceCv)
  12 orc priests
  2 sleepcaps
  2 gnoll boudas
  3 jellies
  4 iguanas
  18 orc wizards
  Robin (D:2)
  17 gnolls
  17 adders
  11 acid dragon simulacra (IceCv)
  A shadow imp (D:8)
  4 steam dragon simulacra (IceCv)
  2 ribbon worms
  84 orcs
  4 endoplasms
  3 giant cockroaches
  9 hobgoblins
  2 jackals (D:4)
  23 kobolds
  4 quokkas
  8 ball pythons
  4 bats
  A frilled lizard (D:1)
  18 goblins
  9 rats
825 creatures vanquished.

Vanquished Creatures (collateral kills)
  A kobold brigand (Bailey)
  A gnoll (D:9)
2 creatures vanquished.

Vanquished Creatures (others)
  A kobold brigand (Bailey)
1 creature vanquished.

Grand Total: 828 creatures vanquished

Notes
Turn   | Place    | Note
-------+----------+-------------------------------------------
     0 | D:1      | BubbleThief the Naga Alchemist began the quest for the Orb.
     0 | D:1      | Reached XP level 1. HP: 15/15 MP: 3/3
   166 | D:1      | Reached XP level 2. HP: 22/22 MP: 3/5
   676 | D:2      | Reached XP level 3. HP: 28/28 MP: 1/6
   682 | D:2      | Learned a level 3 spell: Mephitic Cloud
   923 | D:2      | Reached skill level 5 in Alchemy
   950 | D:2      | Reached XP level 4. HP: 21/36 MP: 1/8
   956 | D:2      | Learned a level 4 spell: Olgreb's Toxic Radiance
  1015 | D:2      | Found a burning altar of Makhleb.
  1272 | D:2      | Noticed Robin
  1288 | D:2      | Killed Robin
  1874 | D:3      | Reached XP level 5. HP: 42/42 MP: 7/9
  1973 | D:3      | Got the Secrets of Assaults and Diablerie
  2303 | D:4      | Noticed an ogre
  2310 | D:4      | Killed an ogre
  2311 | D:4      | Reached XP level 6. HP: 49/49 MP: 5/11
  2312 | D:4      | Noticed Eustachio
  2328 | D:4      | Killed Eustachio
  2371 | D:3      | Learned a level 4 spell: Sticky Flame
  2528 | D:4      | Reached XP level 7. HP: 48/55 MP: 7/13
  2676 | D:4      | Reached skill level 1 in Fire Magic
  3115 | D:5      | Entered Level 5 of the Dungeon
  3223 | D:5      | Got Motev's Octavo of Unholy Spells and Earth
  3665 | D:5      | Reached XP level 8. HP: 52/62 MP: 9/14
  3701 | D:5      | Noticed Duvessa
  3702 | D:5      | Noticed Dowan
  3711 | D:5      | Killed Dowan
  3725 | D:5      | Killed Duvessa
  3726 | D:5      | Reached skill level 5 in Fire Magic
  4222 | D:6      | Found a staircase to the Ecumenical Temple.
  4228 | Temple   | Entered the Ecumenical Temple
  4261 | Temple   | Became a worshipper of Elyvilon the Healer
  4301 | D:6      | Noticed Maggie
  4316 | D:6      | Killed Maggie
  4492 | D:6      | Reached skill level 1 in Fighting
  4492 | D:6      | Reached skill level 1 in Long Blades
  4774 | D:6      | Reached * piety under Elyvilon
  5094 | D:7      | Noticed Menkaure
  5105 | D:7      | Killed Menkaure
  5106 | D:7      | Reached XP level 9. HP: 12/75 MP: 10/15
  5337 | D:7      | Identified a scroll of acquirement
  5337 | D:7      | Acquired 797 gold pieces
  5988 | D:8      | Noticed Psyche
  5997 | D:8      | Killed Psyche
  5998 | D:8      | Reached skill level 5 in Fighting
  5998 | D:8      | Reached skill level 5 in Long Blades
  6151 | D:8      | Noticed a juvenile stingbat beast
  6299 | D:8      | Killed a juvenile stingbat beast
  6300 | D:8      | Reached XP level 10. HP: 73/91 MP: 7/16
  6409 | D:8      | Found a sacrificial altar of Ru.
  6427 | D:8      | Reached ** piety under Elyvilon
  6427 | D:8      | Noticed a two-headed ogre
  6436 | D:8      | Killed a two-headed ogre
  7001 | D:8      | Found a large runed translucent door.
  7001 | D:8      | Found a large runed translucent door.
  7002 | D:8      | Noticed sasquatch's ghost (novice TeAE)
  7752 | D:9      | Noticed a two-headed ogre
  7757 | D:9      | Killed a two-headed ogre
  7822 | D:9      | Reached *** piety under Elyvilon
  7828 | D:9      | Found a flagged portal.
  7863 | Bailey   | Entered a bailey
  8088 | Bailey   | Noticed an orc knight
  8101 | Bailey   | Killed an orc knight
  8153 | Bailey   | Reached XP level 11. HP: 77/104 MP: 5/17
  8285 | Bailey   | Found an iron altar of Okawaru.
  8422 | D:9      | Noticed a manticore
  8431 | D:9      | Killed a manticore
  9017 | D:9      | Found a staircase to the Lair.
  9189 | D:9      | Reached **** piety under Elyvilon
  9344 | D:9      | Reached skill level 10 in Fighting
  9344 | D:9      | Reached skill level 10 in Long Blades
  9389 | Lair:1   | Entered Level 1 of the Lair of Beasts
  9727 | Lair:1   | Identified the +7 long sword of Bloodstone {protect, SInv
                  | Stlth+}
 10015 | Lair:1   | Reached ***** piety under Elyvilon
 10210 | Lair:1   | Reached XP level 12. HP: 102/120 MP: 13/18
 10948 | Lair:2   | Noticed Sonja
 10955 | Lair:2   | Killed Sonja
 12032 | Lair:2   | Found a staircase to the Swamp.
 12299 | Lair:3   | Found a gate leading to a gauntlet.
 12310 | Gauntlet | Entered a Gauntlet
 12310 | Gauntlet | Found a transporter.
 12316 | Gauntlet | Noticed a reaper
 12334 | Gauntlet | Found a transporter.
 12350 | Gauntlet | Found a transporter.
 12354 | Gauntlet | Found a transporter.
 12374 | Gauntlet | Found a transporter.
 12386 | Gauntlet | Found a runed translucent door.
 12386 | Gauntlet | Noticed a hell hog
 12387 | Gauntlet | Found a transporter.
 12400 | Gauntlet | Found a transporter.
 12420 | Gauntlet | Found a transporter.
 12424 | Gauntlet | Found a transporter.
 12428 | Gauntlet | Noticed a hell beast
 12432 | Gauntlet | Found a transporter.
 12457 | Gauntlet | Found a transporter.
 12459 | Gauntlet | Found a transporter.
 12463 | Gauntlet | Found a runed translucent door.
 12495 | Gauntlet | Killed a hell beast
 12509 | Gauntlet | Identified the ring of Pisint {^Drain Will+ rCorr Str+6
                  | Int+3}
 12597 | Gauntlet | Gained mutation: You can use your snake-like lower body to
                  | constrict enemies. [Naga growth]
 12597 | Gauntlet | Reached XP level 13. HP: 111/133 MP: 10/19
 12710 | Gauntlet | Noticed a minotaur
 12728 | Gauntlet | Killed a minotaur
 12936 | Lair:3   | Reached ****** piety under Elyvilon
 13058 | Lair:3   | Noticed Gastronok
 13075 | Lair:3   | Reached skill level 1 in Shields
 13075 | Lair:3   | Found a hole to the Spider Nest.
 14053 | Lair:3   | Found the +8 whip "Snakebite" {venom, curare, rPois}
 14271 | Lair:3   | Killed Gastronok
 14439 | Lair:3   | Reached skill level 5 in Shields
 14526 | Lair:4   | Found a frozen archway.
 14535 | IceCv    | Entered an ice cave
 15153 | IceCv    | Noticed an ice dragon
 15297 | IceCv    | Killed an ice dragon
 15915 | Lair:4   | Reached XP level 14. HP: 120/144 MP: 13/20
 16273 | Lair:4   | Found a broken altar of Ashenzari.
 16867 | Lair:5   | Entered Level 5 of the Lair of Beasts
 17275 | Lair:5   | Reached skill level 10 in Shields
 17836 | Lair:5   | Identified the +3 hand axe of the Abyss {venom, rPois}
 18498 | Lair:5   | Reached skill level 5 in Spellcasting
 18608 | Lair:5   | Reached XP level 15. HP: 152/152 MP: 15/22
 19086 | Lair:5   | Found a staircase to the Slime Pits.
 19087 | Lair:5   | Found a viscous altar of Jiyva.
 19403 | D:10     | Entered Level 10 of the Dungeon
 20118 | D:11     | Found a staircase to the Orcish Mines.
 20265 | D:11     | Identified the +0 quarterstaff "Egg" {flame, Dex+4}
 20958 | Orc:1    | Entered Level 1 of the Orcish Mines
 21633 | Orc:2    | Entered Level 2 of the Orcish Mines
 21633 | Orc:2    | Noticed Erolcha
 21644 | Orc:2    | Killed Erolcha
 21650 | Orc:2    | Found a staircase to the Elven Halls.
 21796 | Orc:2    | Reached skill level 15 in Fighting
 22491 | Orc:2    | Found Kuim's Assorted Antiques.
 22491 | Orc:2    | Found Sujig's Antique Armour Shoppe.
 22493 | Orc:2    | Found Zutob's Assorted Antiques.
 22495 | Orc:2    | Found Zofunit's Distillery.
 22499 | Orc:2    | Bought a scroll of teleportation for 90 gold pieces
 22500 | Orc:2    | Bought a runed helmet for 195 gold pieces
 22503 | Orc:2    | Bought a potion of haste for 290 gold pieces
 22508 | Orc:2    | Bought a potion of mutation for 128 gold pieces
 22508 | Orc:2    | Bought a potion of curing for 48 gold pieces
 22508 | Orc:2    | Bought 2 potions of enlightenment for 160 gold pieces
 22508 | Orc:2    | Bought a potion of brilliance for 64 gold pieces
 22508 | Orc:2    | Bought a potion of curing for 48 gold pieces
 22508 | Orc:2    | Bought a potion of heal wounds for 80 gold pieces
 22508 | Orc:2    | Bought a potion of curing for 48 gold pieces
 22508 | Orc:2    | Bought a potion of heal wounds for 80 gold pieces
 22508 | Orc:2    | Bought a potion of mutation for 128 gold pieces
 22508 | Orc:2    | Bought a potion of curing for 48 gold pieces
 23109 | D:12     | Noticed Snorg
 23117 | D:12     | Killed Snorg
 23459 | D:12     | Noticed Kirke
 23465 | D:12     | Killed Kirke
 24776 | D:13     | Noticed a tengu reaver
 24830 | D:14     | Reached XP level 16. HP: 77/163 MP: 23/28
 25048 | D:14     | Found Janairoch's Magic Scroll Emporium.
 25068 | D:14     | Bought a scroll of teleportation for 36 gold pieces
 25068 | D:14     | Bought a scroll of fear for 48 gold pieces
 25844 | D:14     | Found a gate to the Vaults.
 26428 | D:15     | Entered Level 15 of the Dungeon
 27039 | D:15     | Reached skill level 10 in Spellcasting
 27050 | D:15     | Noticed Rupert
 27327 | D:15     | Paralysed by Rupert for 2 turns
 27340 | D:15     | Killed Rupert
 27954 | D:15     | Found a staircase to the Depths.
 28511 | Spider:1 | Entered Level 1 of the Spider Nest
 28605 | Spider:1 | Reached skill level 15 in Shields
 28667 | Spider:1 | HP: 11/244 [poisoned by a wolf spider]
 28670 | Lair:3   | HP: 5/163 [poisoned by a wolf spider]
 29488 | Spider:1 | Reached XP level 17. HP: 13/170 MP: 13/33
 29497 | Spider:1 | HP: 4/170 [demonic crawler (11)]
 30570 | Spider:2 | HP: 8/170 [tarantella[a broodmother] (5)]
 30570 | Spider:2 | Elyvilon protects you from harm!
 30574 | Spider:2 | HP: 2/170 [broodmother (12)]
 30574 | Spider:2 | Elyvilon protects you from harm!
 30574 | Spider:2 | Slain by a wolf spider

Illustrated notes

Levels and vault maps discovered:
D:1:      ldierk_walled_garden, layout_basic, serial_corexii_hall,
          chequers_hall_statues_corner_a, chequers_hall_statues_wall_a
D:2:      layout_loops_cross, basic_altar, minmay_unequal, uniq_robin
D:3:      layout_rooms
D:4:      layout_basic, serial_bayou_lake_a, uniq_eustachio
D:5:      layout_basic, uniq_duvessa
D:6:      layout_basic, minmay_temple_entry_statues_pillars, nicolae_titane,
          uniq_maggie
D:7:      layout_basic, uniq_menkaure
D:8:      layout_layer_cave, hangedman_ru_absence, ebering_ghost_disaster_area,
          nicolae_beast_mode, uniq_psyche
D:9:      layout_irregular_city, david_lair_generic, enter_bailey_6,
          minmay_diamond_spiral
D:10:     layout_rooms
D:11:     layout_rooms, hiddenorc2_lemuel
D:12:     layout_loops_ring, uniq_snorg, uniq_kirke
D:13:     minmay_box_of_curves, layout_basic, serial_library_hellmonk_room_a,
          chequers_serial_rivers_micro_b
D:14:     layout_cave_pools, grunt_vaults_entry_fortified,
          reono_crystal_passage, serial_shops, shop_coins, serial_bayou_pond_a
D:15:     hangedman_depths_entry_try_elsewhere_first, layout_basic,
          kennysheep_flooded_box, uniq_rupert
Temple:   kilobyte_greek_temple
Lair:1:   layout_regular_city
Lair:2:   layout_regular_city, mainiacjoe_swamp_entry_angry_trees, uniq_sonja
Lair:3:   minmay_guarded_unrand_snakebite, layout_long_grid,
          spider_nest_entry_webs, gauntlet_entry_generic, serial_bayou_shore_b,
          infiniplex_staircase_pool, serial_bayou_shore_a, uniq_gastronok
Lair:4:   layout_cave_pods, portal_ice_cave_entry_pillars_2, lemuel_oklob_altar,
          grunt_megastairs_3, infiniplex_staircase_pool_2
Lair:5:   evilmike_catoblepas_cave, layout_long_grid,
          minmay_slime_entry_oklob_open
Spider:1: layout_spider_delve
Spider:2: layout_cave_pods, drop_trap, hangedman_spider_tarantella_strand
Orc:1:    layout_caves
Orc:2:    st_orc_rangers, layout_caves, nicolae_orc_seminary, uniq_erolcha

Skill      XL: |  1  2  3  4  5  6  7  8  9 10 11 12 13 14 15 16 |
---------------+-------------------------------------------------+-----
Alchemy        | 4 5 6 7 8 9 |  9.1
Spellcasting   | 3 4 5 8 12 | 12.3
Fire Magic     | 4 6 |  6.0
Fighting       | 3 6 8 11 13 14 15 | 15.2
Long Blades    | 3 6 8 11 13 14 | 14.2
Shields        | 7 12 13 15 | 15.0
Dodging        | |  1.5
Stealth        | |  3.0
Conjurations   | |  1.0

Action                     |  1- 3 |  4- 6 |  7- 9 | 10-12 | 13-15 | 16-18 || total
---------------------------+-------+-------+-------+-------+-------+-------++-------
  Melee: Dagger            |     4 |    14 |    29 |       |       |       ||    47
         Scimitar          |       |       |    48 |   100 |    15 |     7 ||   170
         Unarmed           |       |       |     2 |       |       |       ||     2
         Punch             |       |       |     2 |     5 |     1 |       ||     8
         Long sword        |       |       |       |   144 |   677 |   326 ||  1147
         Constrict         |       |       |       |       |   150 |    82 ||   232
   Cast: Sting             |    35 |    58 |    41 |    32 |    34 |    30 ||   230
         Olgreb's Toxic Ra |       |     5 |    18 |    53 |    92 |    61 ||   229
         Mephitic Cloud    |       |     1 |     3 |    11 |    22 |     7 ||    44
         Sticky Flame      |       |       |    22 |    40 |    88 |    45 ||   195
 Invoke: Heal Self         |       |       |       |       |       |     3 ||     3
Ability: Spit Poison       |    27 |    34 |    41 |    36 |    43 |    29 ||   210
  Evoke: Wand              |       |     2 |       |     2 |    28 |       ||    32
         Box of beasts     |       |       |       |     2 |       |     1 ||     3
         Phantom mirror    |       |       |       |       |     1 |     1 ||     2
         Phial of floods   |       |       |       |       |       |     1 ||     1
    Use: Potion            |       |     1 |       |       |     2 |    14 ||    17
         Scroll            |       |       |    20 |     4 |    10 |     7 ||    41
   Stab: Confused          |       |       |     1 |     9 |    11 |     3 ||    24
         Distracted        |       |       |       |     1 |       |     2 ||     3
         Sleeping          |       |       |       |     1 |     5 |     3 ||     9
 Armour: Robe              |    19 |    60 |    41 |       |       |       ||   120
         Steam dragon scal |       |       |    29 |    40 |       |       ||    69
         Troll leather arm |       |       |       |   141 |   119 |       ||   260
         Leather armour    |       |       |       |       |   392 |   403 ||   795
  Dodge: Dodged            |    10 |    42 |   131 |   214 |   346 |   164 ||   907
  Block: Kite shield       |       |       |       |       |   486 |   367 ||   853
